 Dungeon Crawl Stone Soup version 0.29.0-13-gc9e81de378 (webtiles) character file.

Game seed: 12064475704161882779

15 Ofeo the Firebug (level 2, 0/20 HPs)
             Began as a Meteoran Fire Elementalist on Sept 9, 2022.
             Succumbed to an adder's poison
             ... on level 2 of the Dungeon.
             The game lasted 00:00:48 (115 turns).

Ofeo the Firebug (Meteoran Fire Elementalist)        Turns: 115, Time: 00:00:48

Health: 0/20       AC:  2    Str:  9    XL:     2   Next: 88%
Magic:  2/7        EV: 12    Int: 16    God:
Gold:   0          SH:  0    Dex: 14    Spells: 6/7 levels left

rFire   . . .      SeeInvis .   (no weapon)
rCold   . . .      Faith    .   (no shield)
rNeg    . . .      Spirit   .   a - +0 robe
rPois   .          Reflect  .   (no helmet)
rElec   .          Harm     .   (no cloak)
rCorr   .          Rampage  .   (no gloves)
Will    .....                   (no boots)
Stlth   +.........              (no amulet)
HPRegen 0.06/turn               (no ring)
MPRegen 0.10/turn               (no ring)

@: lethally poisoned (0 -> -3), very slightly contaminated, glowing
A: sense surroundings 1, otherworldly, glowing, explore regen
a: no special abilities


You were on level 2 of the Dungeon.
You visited 1 branch of the dungeon, and saw 2 of its levels.

Inventory:

Armour
 a - a +0 robe (worn)
Scrolls
 c - a scroll of silence {unknown}
 d - a scroll of vulnerability {unknown}
 e - a scroll of identify {unknown}
Potions
 b - a potion of magic


   Skills:
 + Level 2.7 Dodging
 + Level 1.6 Stealth
 + Level 3.0 Spellcasting
 + Level 1.7 Conjurations
 + Level 3.8 Fire Magic


You had 6 spell levels left.
You knew the following spells:

 Your Spells              Type           Power      Damage    Failure   Level
a - Foxfire               Conj/Fire      44%        2x1d6     6%          1

Your spell library contained the following spells:

 Spells                   Type           Power      Damage    Failure   Level
 Scorch                   Fire           28%        2d6       6%          2
 Conjure Flame            Conj/Fire      11%        6-21      19%         3
 Inner Flame              Hex/Fire       8%         N/A       26%         3
 Flame Wave               Conj/Fire      11%        2d6       52%         4


Dungeon Overview and Level Annotations

Branches:
Dungeon (2/15) Zot: 1085

Altars:


Innate Abilities, Weirdness & Mutations

You passively map a small area around you.
You are easily found by Zot.
You glow in the dark.
You regain HP and MP as you explore.


Message History

Casting: Foxfire (safe; 7% risk of failure)
Confirm with . or Enter, or press ? or * to list all spells.
You miscast Foxfire.
You are very lightly contaminated with residual magic.
Nothing appears to happen.
You feel sick. The adder bites you but does no damage.
You take 2 damage, and have 15/20 hp.
You now have 4/6 mp.
Casting: Foxfire (safe; 7% risk of failure)
Confirm with . or Enter, or press ? or * to list all spells.
You miscast Foxfire.
Nothing appears to happen.
You feel sick. The adder bites you but does no damage.
You take 1 damage, and have 14/20 hp.
You now have 3/6 mp.
Casting: Foxfire (safe; 7% risk of failure)
Confirm with . or Enter, or press ? or * to list all spells.
You conjure some foxfire!
You feel sick. The adder bites you. x2
You are lethally poisoned!
The adder poisons you!
You take 7 damage, and have 7/20 hp.
MASSIVE DAMAGE!!
You now have 2/6 mp.
Casting: Foxfire (safe; 7% risk of failure)
Confirm with . or Enter, or press ? or * to list all spells.
You conjure some foxfire!
* * * LOW HITPOINT WARNING * * *
You feel sick.
The foxfire hits the adder.
The adder is almost dead.
The foxfire hits the adder.
You kill the adder!
Your Spellcasting skill increases to level 3!
You take 2 damage, and have 5/20 hp.
You now have 1/7 mp.
* * * LOW HITPOINT WARNING * * *
You feel sick.
You take 2 damage, and have 3/20 hp.
* * * LOW HITPOINT WARNING * * *
You feel sick.
You take 1 damage, and have 2/20 hp.
* * * LOW HITPOINT WARNING * * *
You feel sick.
You take 1 damage, and have 1/20 hp.
You die...

, #.#S# * * #.#.#
, * * * #.#.# *,
* , , #.#.# * , ,
* , ###.#.#### *
* #........#,*
#.#ยง#.##.# ,
#.#####.#.#.# , ,
* #.....@.#.#.. ,
, *,
#########.######.
,* ,
................
, *
########.########
, * *
#..........# ,
#.#.######.# *
###########.#.# ,
* #...<.........#
* #.#.#######.###


There were no monsters in sight!

Vanquished Creatures
  An adder (D:2)
  An endoplasm (D:1)
  A hobgoblin (D:1)
  A kobold (D:1)
  A bat (D:1)
  A rat (D:1)
6 creatures vanquished.

Vanquished Creatures (others)
  16 foxfires
16 creatures vanquished.

Grand Total: 22 creatures vanquished

Notes
Turn   | Place    | Note
-------+----------+-------------------------------------------
     0 | D:1      | Ofeo the Meteoran Fire Elementalist began the quest for the
                  | Orb.
     0 | D:1      | Reached XP level 1. HP: 14/14 MP: 5/5
    36 | D:1      | Found a faded altar of an unknown god.
    56 | D:1      | Reached XP level 2. HP: 20/20 MP: 0/6
   114 | D:2      | HP: 1/20 [poisoned by an adder]
   115 | D:2      | Succumbed to an adder's poison

Illustrated notes

Levels and vault maps discovered:
D:1:      giann_wishing_wells, layout_loops_cross,
          shapermc_ecumenical_altar_venn
D:2:      layout_basic

Skill      XL: |  1  2 |
---------------+-------+-----
Spellcasting   | 3 |  3.0
Dodging        | |  2.7
Stealth        | |  1.6
Conjurations   | |  1.7
Fire Magic     | |  3.8

Action                   || total
-------------------------++-------
 Cast: Foxfire           ||    12
Armor: Robe              ||     2
Dodge: Dodged            ||     3
